 Dungeon Crawl Stone Soup version 0.26-a0-30-g56b8cd3df0 (webtiles) character file.

Game seed: 11747271061072703619, levelgen mode: deterministic

9410 Lauz the Bludgeoner (level 11, -1/99 HPs)
             Began as a Minotaur Berserker on May 28, 2020.
             Was a High Priest of Trog.
             Slain by a porcupine (5 damage)
             ... while petrified by a basilisk
             ... on level 10 of the Dungeon.
             The game lasted 00:21:22 (10146 turns).

Lauz the Bludgeoner (Minotaur Berserker)           Turns: 10146, Time: 00:21:23

Health: -1/99      AC:  5    Str: 25    XL:     11   Next: 22%
Magic:  10/10      EV:  2    Int:  4    God:    Trog [*****.]
Gold:   531        SH:  0    Dex: 16    Spells: 10/10 levels left

rFire    . . .     SeeInvis .   m - +2 morningstar (protect)
rCold    . . .     Gourm    .   (no shield)
rNeg     + + +     Faith    .   r - +0 ring mail
rPois    ∞         Spirit   .   (helmet restricted)
rElec    .         Reflect  .   (no cloak)
rCorr    .         Harm     .   (no gloves)
MR       .....                  (no boots)
Stlth    +.........             (no amulet)
HPRegen  0.26/turn              k - +6 ring of dexterity
MPRegen  0.12/turn              G - +4 ring of slaying

@: petrified, marked, berserk cooldown, starving, slowed
A: retaliatory headbutt, horns 2
a: Berserk, Trog's Hand, Brothers in Arms, Renounce Religion


You were on level 10 of the Dungeon.
You worshipped Trog.
Trog was extremely pleased with you.
You were starving.

You visited 1 branch of the dungeon, and saw 10 of its levels.

You collected 531 gold pieces.

Inventory:

Hand Weapons
 a - a +0 mace
 m - a +2 morningstar of protection (weapon)
 F - the +6 dagger of the Dove {flame, Str+4}
   (You found it on level 9 of the Dungeon)

   It has been specially enchanted to burn those struck by it, causing extra
   injury to most foes and up to half again as much damage against particularly
   susceptible opponents.
   It affects your strength (+4).
Armour
 b - a +0 animal skin
 j - a +0 chain mail
 r - a +0 ring mail (worn)
Jewellery
 k - a +6 ring of dexterity (left hand)
 t - an uncursed ring of protection from magic
 v - an uncursed ring of protection from magic
 z - an uncursed ring of flight
 C - an uncursed ring of protection from magic
 G - a +4 ring of slaying (right hand)
 H - an uncursed ring of positive energy
 M - a cursed ring of attention {unknown}
Wands
 n - a wand of enslavement (10)
 s - a wand of random effects (20)
 D - a wand of paralysis (5)
Scrolls
 f - 4 scrolls of enchant armour {unknown}
 g - 6 scrolls of remove curse {unknown}
 h - 4 scrolls of enchant weapon {unknown}
 l - 11 scrolls of identify {unknown}
 o - 4 scrolls of teleportation {unknown}
 q - a scroll of amnesia {unknown}
 u - a scroll of fog {unknown}
 w - a scroll of random uselessness {unknown}
 y - a scroll of blinking {unknown}
 I - a scroll of summoning {unknown}
Potions
 d - 2 potions of haste {unknown}
 e - 3 potions of brilliance {unknown}
 i - 2 potions of flight {unknown}
 p - 4 potions of ambrosia {unknown}
 x - 7 potions of curing {unknown}
 A - a potion of heal wounds {unknown}
 B - 2 potions of stabbing {unknown}
 E - 2 potions of degeneration {unknown}
 J - a potion of lignification {unknown}
 K - a potion of might
Comestibles
 c - 15 rations
 L - 2 chunks of flesh


   Skills:
 + Level 10.1 Fighting
 + Level 17.3 Maces & Flails
 + Level 4.1 Armour
 + Level 2.6 Dodging
 - Level 0.1 Stealth


You had 10 spell levels left.
You didn't know any spells.
Your spell library was empty.

Dungeon Overview and Level Annotations

Branches:
Dungeon (10/15)            Temple (0/1) D:4
   Lair: D:8-11         Orc: D:9-12

Altars:
Cheibriados
Hepliaklqana
Nemelex Xobeh
Sif Muna
Vehumet
Wu Jian
Xom

Shops:
D:10 *

Annotations:
D:10 Sonja


Innate Abilities, Weirdness & Mutations

You reflexively headbutt those who attack you in melee.
You have a pair of horns on your head.


Message History

The yak dies!
Trog accepts your kill. The basilisk gazes at you.
You are slowing down.
You have turned to stone.
The basilisk gazes at you.
You are starving!
The basilisk bites you but does no damage.
The basilisk bites you!
* * * LOW HITPOINT WARNING * * *
The basilisk gazes at you. You resist with some effort. The basilisk bites you.
* * * LOW HITPOINT WARNING * * *
The porcupine bites you but does no damage.
A porcupine comes into view.
The basilisk gazes at you.
Your iron troll disappears in a puff of smoke!
The porcupine bites you!
You die...

#..........<.....#
#.....<..........# ############
#................# ##...........
##...............###..##########
##.....##.....#..#..## ###
###########.###...## ###..
#..##..###### #....#
###..#...........#.P.
###..§@rK..###### ##P..
.......#l..##### ##....
######..r....... ......
##..#..##...#####.. #.###.#
#......(. #†# #.### ###.... #l#
#...####....8.
#)#####...###.....
##r#.P8.##.........


You could see a basilisk, Sonja and 2 porcupines.

Vanquished Creatures
  Fannar (D:10)
  Harold (D:10)
  Pikel (D:6)
  Grinder (D:4)
  The ghost of Bvern the Magician, an amateur GnWz (D:4)
  2 hippogriffs (D:7)
  A spriggan (D:8)
  A wyvern (D:9)
  4 yaks
  2 steam dragons
  2 hungry ghosts
  Menkaure (D:6)
  Edmund (D:6)
  A porcupine (D:10)
  Duvessa (D:6)
  3 black bears
  A hornet zombie (D:10)
  2 orc warriors (D:8)
  A phantom (D:6)
  4 slaves
  3 ice beasts
  3 centaurs
  5 ogres
  2 crocodiles
  Blork the orc (D:4)
  3 bullfrogs
  A gnoll sergeant (D:9)
  Dowan (D:6)
  7 scorpions
  13 killer bees
  A wight (D:10)
  2 howler monkeys (D:7)
  An electric eel (D:9)
  6 crimson imps
  3 bullfrog zombies
  An orc priest (D:8)
  7 hounds
  9 orc wizards
  2 centaur zombies
  2 jellies
  Jessica (D:3)
  2 iguanas
  12 worker ants
  A hound skeleton (D:7)
  2 worker ant zombies
  5 gnolls (D:9)
  7 adders
  An adder skeleton (D:3)
  4 worms
  4 dart slugs
  4 leopard geckos
  19 orcs
  2 ball pythons (D:3)
  2 giant cockroaches
  4 goblins
  7 hobgoblins
  8 jackals
  6 quokkas
  9 bats
  10 frilled lizards
  6 kobolds
  A leopard gecko skeleton (D:4)
  2 quokka skeletons
  7 rats
231 creatures vanquished.

Vanquished Creatures (collateral kills)
  3 yaks (D:10)
  A porcupine (D:10)
  2 crocodiles (D:10)
6 creatures vanquished.

Vanquished Creatures (others)
  2 bushes (D:10)
  3 fungi (D:10)
  11 plants (D:10)
  2 withered plants (D:10)
18 creatures vanquished.

Grand Total: 255 creatures vanquished

Notes
Turn   | Place    | Note
-------+----------+-------------------------------------------
     0 | D:1      | Lauz the Minotaur Berserker began the quest for the Orb.
     0 | D:1      | Reached XP level 1. HP: 19/19 MP: 0/0
   168 | D:1      | Reached skill level 4 in Maces & Flails
   178 | D:1      | Reached XP level 2. HP: 26/27 MP: 1/1
   745 | D:2      | Reached XP level 3. HP: 27/33 MP: 2/2
   951 | D:2      | Noticed an ogre
   956 | D:2      | Killed an ogre
   956 | D:2      | Reached skill level 6 in Maces & Flails
   956 | D:2      | Reached XP level 4. HP: 41/41 MP: 3/3
  1731 | D:2      | Reached ** piety under Trog
  1731 | D:2      | Reached XP level 5. HP: 47/47 MP: 4/4
  2377 | D:3      | Noticed Jessica
  2381 | D:3      | Killed Jessica
  2665 | D:4      | Noticed Grinder
  2694 | D:4      | Found a staircase to the Ecumenical Temple.
  2700 | D:4      | Reached skill level 7 in Maces & Flails
  2832 | D:4      | Reached XP level 6. HP: 51/55 MP: 5/5
  2879 | D:4      | Found a runed translucent gate.
  2880 | D:4      | Found a runed translucent gate.
  2909 | D:4      | Found a runed translucent gate.
  2909 | D:4      | Noticed Bvern's ghost (amateur GnWz)
  2921 | D:4      | Killed Bvern's ghost
  2921 | D:4      | Reached skill level 5 in Fighting
  2921 | D:4      | Reached skill level 8 in Maces & Flails
  2957 | D:4      | Reached XP level 7. HP: 32/61 MP: 6/6
  2990 | D:4      | Killed Grinder
  2990 | D:4      | Reached skill level 9 in Maces & Flails
  3206 | D:4      | Found a shimmering blue altar of Sif Muna.
  3362 | D:4      | Noticed Blork the orc
  3368 | D:4      | Killed Blork the orc
  3561 | D:4      | Reached skill level 10 in Maces & Flails
  3646 | D:5      | Entered Level 5 of the Dungeon
  3698 | D:5      | Reached XP level 8. HP: 65/70 MP: 7/7
  3825 | D:5      | Found a shimmering altar of Xom.
  4032 | D:5      | Found a hazy altar of Hepliaklqana.
  4050 | D:5      | Reached skill level 11 in Maces & Flails
  4168 | D:5      | Reached *** piety under Trog
  4376 | D:5      | Found a snail-covered altar of Cheibriados.
  4712 | D:5      | Reached skill level 12 in Maces & Flails
  4772 | D:5      | Found a radiant altar of Vehumet.
  4980 | D:6      | Noticed Duvessa
  4980 | D:6      | Noticed Dowan
  4983 | D:6      | Killed Duvessa
  4987 | D:6      | Killed Dowan
  5017 | D:6      | Found an ornate altar of the Wu Jian Council.
  5042 | D:6      | Noticed Edmund
  5070 | D:6      | Killed Edmund
  5070 | D:6      | Reached XP level 9. HP: 52/78 MP: 8/8
  5193 | D:6      | Noticed Menkaure
  5199 | D:6      | Killed Menkaure
  5199 | D:6      | Reached skill level 13 in Maces & Flails
  5444 | D:6      | Noticed Pikel
  5586 | D:6      | Killed Pikel
  6004 | D:6      | Reached skill level 14 in Maces & Flails
  6430 | D:7      | Found a transporter.
  6432 | D:7      | Found a transporter.
  6685 | D:7      | Reached **** piety under Trog
  6963 | D:7      | You fall into a shaft and drop 1 floor!
  6977 | D:8      | Reached skill level 15 in Maces & Flails
  6977 | D:8      | Reached XP level 10. HP: 90/90 MP: 9/9
  8324 | D:9      | Reached skill level 16 in Maces & Flails
  8513 | D:9      | Found a sparkling altar of Nemelex Xobeh.
  8638 | D:9      | Reached ***** piety under Trog
  9571 | D:9      | Got a slimy dagger
  9572 | D:9      | Identified the +6 dagger of the Dove {flame, Str+4} (You
                  | found it on level 9 of the Dungeon)
  9718 | D:10     | Entered Level 10 of the Dungeon
  9718 | D:10     | Noticed Fannar
  9729 | D:10     | Killed Fannar
  9729 | D:10     | Reached skill level 17 in Maces & Flails
  9880 | D:10     | Found Plog's General Store.
  9911 | D:10     | Reached XP level 11. HP: 91/99 MP: 10/10
 10083 | D:10     | Noticed Harold
 10099 | D:10     | Noticed Sonja
 10115 | D:10     | Killed Harold
 10115 | D:10     | Reached skill level 10 in Fighting
 10144 | D:10     | HP: 3/99 [basilisk (3)]
 10146 | D:10     | Slain by a porcupine

Illustrated notes

Levels and vault maps discovered:
D:1:      psy_arrival_spokes, layout_rooms, serial_park_tiny_pond
D:2:      layout_loops_corners
D:3:      layout_basic, minmay_fractal_squares_diagonal_5, uniq_jessica
D:4:      layout_loops_ring, lemuel_blue_sif_altar,
          minmay_temple_entry_from_below_b, first_ration,
          ebering_ghost_rock_garden, uniq_blork_the_orc, uniq_grinder
D:5:      cheibrodos_quashed, layout_basic, lemuel_doored_altar,
          kennysheep_mini, kennysheep_slug_shrine, basic_altar
D:6:      layout_layer_cave, old_standard_altar, uniq_duvessa, uniq_pikel,
          uniq_menkaure, uniq_edmund
D:7:      gammafunk_the_bubble [the_bubble_gammafunk_crates], layout_basic,
          basic_altar, kennysheep_potato, uniq_maggie
D:8:      layout_basic, the_bakery, grunt_ministairs_1
D:9:      layout_roguey, nemelex_xobeh_ov_fountains_minmay,
          kennysheep_cluttered_room
D:10:     layout_rooms, minmay_lair_entry_grove, serial_undead, serial_undead_b,
          serial_undead_d, serial_undead_e, serial_undead_e, serial_undead_c,
          serial_shops, shop, uniq_sonja, uniq_maurice, uniq_harold, uniq_fannar

Skill      XL: |  1  2  3  4  5  6  7  8  9 10 11 |
---------------+----------------------------------+-----
Maces & Flails | 4 6 7 8 10 12 15 17 | 17.3
Fighting       | 4 5 6 8 9 10 | 10.1
Armour         | 4 |  4.1
Dodging        | |  2.6
Stealth        | |  0.1

Action                   |  1- 3 |  4- 6 |  7- 9 | 10-12 || total
-------------------------+-------+-------+-------+-------++-------
Melee: Mace              |    50 |    51 |       |       ||   101
       Headbutt          |     9 |    26 |    45 |    52 ||   132
       Morningstar       |       |    49 |   204 |   184 ||   437
Invok: Berserk           |     2 |       |     7 |     2 ||    11
       Trog's Hand       |       |       |       |     2 ||     2
       Brothers in Arms  |       |       |       |     1 ||     1
 Stab: Distracted        |       |       |       |     1 ||     1
  Eat: Chunk             |     1 |     7 |    21 |     8 ||    37
       Ration            |       |       |       |     1 ||     1
Armor: Animal skin       |    10 |     3 |       |       ||    13
       Ring mail         |       |    19 |    61 |    54 ||   134
Dodge: Dodged            |    37 |    59 |   106 |    86 ||   288

Table legend:
 A = Non-vault XP
 B = Vault XP
 C = Vault XP percentage of total XP
 D = Non-vault monster count
 E = Vault monster count
 F = Vault count percentage of total count
                 A         B        C        D         E       F
            +---------+---------+-------+---------+---------+-------
      Total |    7389 |    6054 |  45.0 |     188 |      45 |  19.3
            +---------+---------+-------+---------+---------+-------
        D:1 |      23 |       0 |   0.0 |      16 |       0 |   0.0
        D:2 |     173 |       0 |   0.0 |      26 |       0 |   0.0
        D:3 |      36 |      54 |  60.0 |      15 |      10 |  40.0
        D:4 |     245 |     650 |  72.6 |      14 |       3 |  17.6
        D:5 |    1174 |       4 |   0.3 |      23 |       1 |   4.2
        D:6 |     641 |    1148 |  64.2 |      16 |       5 |  23.8
        D:7 |     518 |     807 |  60.9 |       7 |       9 |  56.2
        D:8 |    1897 |     302 |  13.7 |      31 |       3 |   8.8
        D:9 |    1996 |       0 |   0.0 |      30 |       0 |   0.0
       D:10 |     686 |    3089 |  81.8 |      10 |      14 |  58.3
            +---------+---------+-------+---------+---------+-------
